 Dungeon Crawl Stone Soup version 0.30-a0-359-gd0147acb1a (webtiles) character file.

Game seed: 14450770735830479096

25 oldriver the Ruffian (level 3, 0/35 HPs)
             Began as an Ogre Transmuter on Nov 11, 2022.
             Succumbed to an adder's poison
             ... on level 1 of the Dungeon.
             The game lasted 00:01:33 (1098 turns).

oldriver the Ruffian (Ogre Transmuter)              Turns: 1098, Time: 00:01:33

Health: 0/35       AC:  3    Str: 14    XL:     3   Next: 6%
Magic:  6/6        EV:  9    Int: 16    God:
Gold:   18         SH:  0    Dex:  9    Spells: 0/6 levels left

rFire   . . .      SeeInvis .    c - +0 trident (vamp)
rCold   . . .      Faith    .    (no shield)
rNeg    . . .      Spirit   .    a - +0 robe
rPois   .          Reflect  .    (helmet restricted)
rElec   .          Harm     .    (no cloak)
rCorr   .          Rampage  .    (gloves unavailable)
Will    .....                    (boots unavailable)
Stlth   +.........               (no amulet)
HPRegen 0.25/turn                (no ring)
MPRegen 0.10/turn                (no ring)

@: lethally poisoned (0 -> -10), wereblooded (expiring), attractive
A: large, unfitting armour, tough skin 1
a: no special abilities


You were on level 1 of the Dungeon.
You visited 1 branch of the dungeon, and saw 2 of its levels.

You collected 18 gold pieces.

Inventory:

Hand Weapons
 c - a +0 vampiric trident (weapon)
Armour
 a - a +0 robe (worn)
Scrolls
 d - 2 scrolls of identify {unknown}
 e - a scroll of immolation {unknown}
Potions
 b - a potion of lignification
 f - a potion of attraction
 g - a potion of brilliance {unknown}


   Skills:
 + Level 2.2 Fighting
 + Level 0.8 Polearms
 - Level 1.7 Dodging
 - Level 2.6 Unarmed Combat
 - Level 2.4 Spellcasting
 * Level 2.6 Transmutations


You couldn't memorise any spells.
You knew the following spells:

 Your Spells              Type           Power      Damage    Failure   Level
a - Beastly Appendage     Tmut           20%        N/A       7%          1
b - Wereblood             Tmut           10%        N/A       11%         2
c - Spider Form           Tmut/Pois      6%         N/A       34%         3

Your spell library contained the following spells:

 Spells                   Type           Power      Damage    Failure   Level
 Ice Form                 Ice/Tmut       6%         N/A       75%         4


Dungeon Overview and Level Annotations

Branches:
Dungeon (2/15)

Altars:


Innate Abilities, Weirdness & Mutations

You are too large for most types of armour.
You have tough skin. (AC +1)


Message History

It was a potion of curing.
You feel better. The hobgoblin hits you.
* * * LOW HITPOINT WARNING * * *
The adder barely misses you.
Unknown command.
Okay, then.
You closely miss the adder.
The adder is almost dead.
Your primal bloodlust is almost over.
The adder completely misses you. The hobgoblin hits you.
* * * LOW HITPOINT WARNING * * *
The adder closely misses you. The hobgoblin hits you.
* * * LOW HITPOINT WARNING * * *
You barely miss the adder.
The adder is almost dead.
The adder bites you.
* * * LOW HITPOINT WARNING * * *
You are lethally poisoned!
The adder poisons you! The hobgoblin hits you.
* * * LOW HITPOINT WARNING * * *
The adder bites you.
* * * LOW HITPOINT WARNING * * *
You are more poisoned.
The adder poisons you!
You feel better. The hobgoblin barely misses you. The adder bites you.
* * * LOW HITPOINT WARNING * * *
Unknown command.
You miss the adder.
The adder is almost dead.
The adder bites you.
* * * LOW HITPOINT WARNING * * *
You are lethally poisoned!
The adder poisons you!
The hobgoblin hits you but does no damage.
The adder bites you.
* * * LOW HITPOINT WARNING * * *
You are more poisoned.
The adder poisons you!
You closely miss the adder.
The adder is almost dead.
You die...

#<.....~≈≈~.......
#.......~≈~.......
#.......≈≈~.......
#.......~~~≈......
#.................
#.......~~~~......
#........~≈~......
#.g......~~≈......
#@S......≈≈≈~.....
##########≈≈~#####
#≈≈≈≈# ##≈≈≈≈#
###≈≈≈# ####


You could see an adder and a hobgoblin.

Vanquished Creatures
  2 endoplasms (D:1)
  A giant cockroach (D:1)
  4 goblins
  3 hobgoblins
  A kobold (D:1)
  4 quokkas
  3 bats (D:1)
  4 rats
22 creatures vanquished.

Notes
Turn   | Place    | Note
-------+----------+-------------------------------------------
     0 | D:1      | oldriver the Ogre Transmuter began the quest for the Orb.
     0 | D:1      | Reached XP level 1. HP: 19/19 MP: 3/3
    59 | D:1      | Found a faded altar of an unknown god.
   115 | D:1      | Reached XP level 2. HP: 28/28 MP: 3/5
   998 | D:2      | Reached XP level 3. HP: 23/35 MP: 6/6
  1073 | D:1      | Learned a level 2 spell: Wereblood
  1077 | D:1      | Learned a level 3 spell: Spider Form
  1098 | D:1      | Succumbed to an adder's poison

Illustrated notes

Levels and vault maps discovered:
D:1:      lemuel_arrival_river_bridge, layout_basic,
          hellmonk_ecumenical_altar_lost_god
D:2:      layout_basic, chequers_serial_rivers_small_a, roderic_malta_cross,
          minmay_hexomino_f4, uniq_natasha

Skill      XL: |  1  2 |
---------------+-------+-----
Transmutations | 2 |  2.6
Fighting       | 2 |  2.2
Polearms       | |  0.8
Dodging        | |  1.7
Unarmed Combat | |  2.6
Spellcasting   | |  2.4

Action                   || total
-------------------------++-------
Melee: Unarmed           ||     8
       Trident           ||    61
       Kick              ||     6
       Headbutt          ||     2
 Cast: Beastly Appendage ||    15
       Wereblood         ||     1
  Use: Potion            ||     3
Armor: Robe              ||    27
Dodge: Dodged            ||    51

Table legend: (Time is in decaauts)
 A = Elapsed time spent in this place.
 B = Non-inter-level travel time spent in this place.
 C = Inter-level travel time spent in this place.
 D = Time resting spent in this place.
 E = Time spent auto-exploring this place.
 F = Levels seen in this place.
 G = Mean time per level.
                   A        B        C        D        E       F      G
               +--------+--------+--------+--------+--------+-----+--------+
         Total |   1117 |   1100 |     17 |     51 |    850 |   2 |  558.5 |
       Dungeon |   1117 |   1100 |     17 |     51 |    850 |   2 |  558.5 |
               +--------+--------+--------+--------+--------+-----+--------+

Top non-repeatable levels by time:
     D:1: 1074 daAuts
     D:2: 42 daAuts
